 Dungeon Crawl Stone Soup version 0.32-a0-705-g60f233581c (webtiles) character file.

Game seed: 7907274014843753309

9484 BeKind the Blocker (level 11, -4/71 HPs)
             Began as an Octopode Ice Elementalist on Mar 14, 2024.
             Was an Initiate of Gozag.
             Killed from afar by a kobold blastminer (32 damage)
             ... with an iron shot
             ... on level 1 of the Orcish Mines.
             The game lasted 00:32:08 (12325 turns).

BeKind the Blocker (Octopode Ice Elementalist)     Turns: 12325, Time: 00:32:09

Health: -4/71      AC:  1    Str:  7    XL:     11   Next: 47%
Magic:  22/22      EV: 19    Int: 28    God:    Gozag
Gold:   1904       SH:  7    Dex: 19    Spells: 10/25 levels left

rFire   . . .        x - +1 sling (drain)
rCold   + . .        c - +0 buckler
rNeg    . . .        (helmet restricted)
rPois   .            t - amulet of magic regeneration
rElec   .            v - ring of protection from cold
rCorr   .            w - +5 ring of evasion
SInv    .            A - +6 ring of intelligence
Will    .....        y - +6 ring of dexterity
Stlth   ++++         (no ring)
HPRegen 0.31/turn    (no ring)
MPRegen 0.58/turn    (no ring)
                     (no ring)

%: no passive effects
@: gold aura
A: almost no armour, amphibious, 8 rings, camouflage 1, gelatinous body 1,
(nimble swimmer 1), tentacles
a: Renounce Religion, Potion Petition, Call Merchant, Bribe Branch


You were on level 1 of the Orcish Mines.
You worshipped Gozag.
Gozag was most pleased with you.
You visited 3 branches of the dungeon, and saw 13 of its levels.

You collected 2084 gold pieces.
You spent 92 gold pieces at shops.
You paid 88 gold pieces to Gozag.

Inventory:

Hand Weapons
 e - a +0 orcbow
 k - the +0 rapier "Cek Ygge" {venom, rF+ rC++ Will-}
   (You found it on level 3 of the Dungeon)

   rF+:       It protects you from fire.
   rC++:      It greatly protects you from cold.
   Will-:     It decreases your willpower.
 x - a +1 sling of draining (weapon)
Armour
 c - a +0 buckler (worn)
Jewellery
 d - a ring of fire
 r - an amulet of the acrobat
 t - an amulet of magic regeneration (around mantle)
 v - a ring of protection from cold (left tentacle)
 w - a +5 ring of evasion (right tentacle)
 y - a +6 ring of dexterity (on tentacle)
 A - a +6 ring of intelligence (on tentacle)
Wands
 B - a wand of paralysis (10)
 C - a wand of mindburst (16)
 I - a wand of roots (7)
Scrolls
 b - 4 scrolls of teleportation
 f - a scroll of immolation
 h - 2 scrolls of poison
 l - a scroll of amnesia
 o - 4 scrolls of noise
 s - 5 scrolls of blinking
 u - a scroll of revelation
 D - a scroll of fear
 E - a scroll of silence {unknown}
 G - 2 scrolls of enchant weapon
 H - a scroll of identify
 J - a scroll of brand weapon
Potions
 a - a potion of magic
 g - 2 potions of curing {unknown}
 i - 3 potions of heal wounds {unknown}
 j - 3 potions of brilliance {unknown}
 m - a potion of ambrosia {unknown}
 n - a potion of cancellation {unknown}
 p - 2 potions of lignification {unknown}
 q - 3 potions of attraction {unknown}
 z - 2 potions of haste {unknown}
Miscellaneous
 F - a lightning rod (4/4)


   Skills:
 + Level 5.0 Fighting
 - Level 6.0 Ranged Weapons
 + Level 4.2 Dodging
 - Level 3.0 Stealth
 - Level 9.0 Shields
 + Level 7.6 Spellcasting
 * Level 6.3 Summonings
 + Level 8.0 Ice Magic


You had 10 spell levels left.
You knew the following spells:

 Your Spells              Type           Power      Damage    Failure   Level
a - Freeze                Ice            100%       1d10      1%          1
b - Frozen Ramparts       Ice            100%       1d16      1%          3
c - Ozocubu's Armour      Ice            54%        N/A       1%          3
d - Hailstorm             Conj/Ice       33%        3d8       4%          3
e - Summon Ice Beast      Ice/Summ       50%        N/A       1%          3
f - Call Imp              Summ           92%        N/A       1%          2

Your spell library contained the following spells:

 Spells                   Type           Power      Damage    Failure   Level
 Sublimation of Blood     Necr           10%        N/A       11%         2
 Summon Blazeheart Golem  Fire/Summ      28%        N/A       21%         4
 Gell's Gravitas          Tloc           10%        N/A       22%         3
 Teleport Other           Tloc           10%        N/A       22%         3
 Metabolic Englaciation   Hex/Ice        16%        N/A       36%         5
 Borgnjor's Vile Clutch   Necr/Erth      5%         N/A       90%         5
 Summon Hydra             Summ           23%        N/A       99%         7
 Death Channel            Necr           5%         N/A       100%        6
 Dispersal                Tloc           5%         N/A       100%        6
 Orb of Destruction       Conj           5%         9d5       100%        7
 Spellforged Servitor     Conj/Summ      14%        N/A       100%        7
 Animate Dead             Necr           Unusable   N/A       N/A         4

Dungeon Overview and Level Annotations

Branches:
Dungeon (11/15)            Temple (1/1) D:5            Lair (0/5) D:11
    Orc (1/2) D:9

Altars:
Ashenzari
Cheibriados
Dithmenos
Elyvilon
Fedhas
Gozag
Hepliaklqana
Kikubaaqudgha
Makhleb
Nemelex Xobeh
Okawaru
Qazlal
Ru
Sif Muna
Trog
Uskayaw
Vehumet
Wu Jian
Xom
Yredelemnul
Zin
The Shining One
Beogh

Shops:
D:2 *[**[   D:8 *

Annotations:
D:8 Jeremiah
D:9 2 transporters
D:11 Erolcha


Innate Abilities, Weirdness & Mutations

You cannot wear most types of armour.
You are amphibious.
You can wear up to eight rings at the same time.
Your skin changes colour to match your surroundings (Stealth+).
Your rubbery body absorbs attacks. (AC +1, EV +1)
((You are camouflaged when in or above water. (Stealth+)))
You have tentacles for arms and can constrict up to eight enemies at once.


Message History

The puff of flame hits you!
Unknown command.
You shoot a sling bullet.
The sling bullet barely misses the orc wizard.
The orc wizard completely misses you.
A kobold blastminer comes into view.
You block the orc wizard's attack.
Your ice beast misses the orc wizard.
You shoot a sling bullet.
You hear a shout!
The sling bullet hits the orc wizard.
The orc wizard is moderately wounded.
The orc wizard hits you with a +0 dagger.
Your ice beast hits the orc wizard.
Your ice beast freezes the orc wizard!
The orc wizard dies!
You shoot a sling bullet. The sling bullet hits the orc priest.
The orc priest is moderately wounded.
The orc priest mumbles some strange prayers to Beogh against you.
Beogh smites you!
You shoot a sling bullet. The sling bullet hits the orc priest!
The orc priest is almost dead.
The orc priest begins to cast a cantrip, but forgets the words!
Something hits you but does no damage.
Your ice beast completely misses the orc priest.
Unknown command.
You shoot a sling bullet.
The sling bullet hits the orc priest but does no damage.
The orc priest is almost dead.
The orc priest mumbles some strange prayers to Beogh against you.
Pain shoots through your body! Something hits you.
Your ice beast hits the orc priest.
The orc priest dies!
You are too injured to fight recklessly!
You are too injured to fight recklessly!
You are too injured to fight recklessly!
You are too injured to fight recklessly!
Something hits you.
The kobold blastminer blasts its cannon at you.
The iron shot hits you!!
You die...
Your body crumbles into a pile of gold.

#### # ##.#.###
#.##
#......#....#
#.........#
#.$@...#
#.......$...#
.....$Y........
....K..........
..........##...
........... .#
.........>.. #
............#


You could see a kobold blastminer (ally target) and a friendly ice beast
(summoned).

Vanquished Creatures
  A cyclops (D:11)
  An unseen horror (D:10)
  A troll (D:10)
  2 hornets
  2 wyverns
  6 yaks
  The ghost of lunkers the Cudgeller, an amateur CoBe of Trog (D:4)
  2 vampire mosquitoes (D:9)
  An acid dragon (D:9)
  7 orc warriors
  2 black bears
  2 ice beasts (D:7)
  A sky beast (D:7)
  3 ogres (D:4)
  A centaur (D:8)
  2 kobold brigands
  2 phantoms
  5 bullfrogs
  2 weeping skulls (D:4)
  2 scorpions (D:5)
  A water moccasin zombie (D:4)
  2 wights
  11 killer bees
  2 jellies (D:6)
  A bombardier beetle (D:5)
  8 hounds
  A human zombie (D:4)
  2 gnoll boudas
  9 orc priests
  10 iguanas
  A sleepcap (D:6)
  8 orc wizards
  2 scorpion zombies (D:4)
  2 mummies (D:4)
  A howler monkey zombie (D:4)
  11 gnolls
  6 adders
  A shadow imp (D:6)
  2 white imps
  2 ufetubi (D:7)
  2 adder zombies (D:4)
  4 dart slugs
  4 ribbon worms
  48 orcs
  6 ball pythons
  13 endoplasms
  A giant cockroach (D:3)
  9 goblins
  10 hobgoblins
  10 jackals
  5 quokkas
  7 bats
  2 frilled lizards
  16 kobolds
  10 rats
276 creatures vanquished.

Vanquished Creatures (collateral kills)
  2 komodo dragons (D:11)
  A troll (D:10)
  A yak (D:10)
  A basilisk (D:11)
  A steam dragon (D:9)
  An acid dragon (D:10)
  2 orc warriors (D:10)
  A centaur (D:8)
  A gnoll sergeant (D:9)
  A killer bee (D:8)
  A quasit (D:7)
  5 orc priests
  4 orc wizards
  5 gnolls
  14 orcs
41 creatures vanquished.

Vanquished Creatures (others)
  An orc wizard (D:6)
1 creature vanquished.

Grand Total: 318 creatures vanquished

Notes
Turn   | Place    | Note
-------+----------+-------------------------------------------
     0 | D:1      | BeKind the Octopode Ice Elementalist began the quest for
                  | the Orb.
     0 | D:1      | Reached XP level 1. HP: 11/11 MP: 3/3
   225 | D:1      | Reached XP level 2. HP: 17/17 MP: 3/5
   678 | D:1      | Reached XP level 3. HP: 21/21 MP: 3/6
  1209 | D:2      | Reached XP level 4. HP: 23/27 MP: 2/7
  1307 | D:2      | Found Ynuathuf's Assorted Antiques.
  1473 | D:2      | Learned a level 3 spell: Frozen Ramparts
  1654 | D:2      | Found Jometi's General Store.
  1800 | D:2      | Found Moyci's General Store.
  1844 | D:2      | Found Ekhlaute's Antique Armour Emporium.
  1949 | D:2      | Learned a level 3 spell: Ozocubu's Armour
  2008 | D:2      | Found Dyp Dent's Armour Boutique.
  2313 | D:3      | Identified the +0 rapier "Cek Ygge" {venom, rF+ rC++ Will-}
  2509 | D:3      | Reached XP level 5. HP: 28/31 MP: 9/9
  2683 | D:3      | Reached skill level 5 in Ice Magic
  3034 | D:4      | Reached skill level 1 in Shields
  3039 | D:4      | Learned a level 3 spell: Hailstorm
  3090 | D:4      | Reached skill level 2 in Shields
  3090 | D:4      | Reached XP level 6. HP: 35/36 MP: 6/10
  3148 | D:4      | Reached skill level 3 in Shields
  3224 | D:4      | Reached skill level 4 in Shields
  3262 | D:4      | Found a basalt altar of Yredelemnul.
  3472 | D:5      | Entered Level 5 of the Dungeon
  3491 | D:5      | Reached XP level 7. HP: 18/41 MP: 4/11
  4026 | D:5      | Reached skill level 5 in Shields
  4291 | D:5      | Reached skill level 6 in Shields
  4781 | D:5      | Found a staircase to the Ecumenical Temple.
  4787 | Temple   | Entered the Ecumenical Temple
  4813 | Temple   | Became a worshipper of Gozag Ym Sagoz the Greedy
  4986 | D:4      | Found a hazy altar of Hepliaklqana.
  4986 | D:4      | Found a bloodstained altar of Trog.
  4989 | D:4      | Found a white marble altar of Elyvilon.
  5061 | D:4      | Reached XP level 8. HP: 26/46 MP: 13/13
  5172 | D:4      | Reached skill level 1 in Ranged Weapons
  5339 | D:4      | Noticed lunkers's ghost (amateur CoBe)
  5340 | D:4      | Found a transporter.
  5761 | D:4      | Reached skill level 7 in Shields
  5767 | D:4      | Learned a level 3 spell: Summon Ice Beast
  5908 | D:4      | Found a transporter.
  6599 | D:6      | Found a radiant altar of Vehumet.
  6635 | D:6      | Reached XP level 9. HP: 47/51 MP: 14/16
  7043 | D:6      | Reached skill level 5 in Spellcasting
  7128 | D:6      | Found an iron altar of Okawaru.
  7562 | D:7      | Reached skill level 8 in Shields
  7791 | D:7      | Reached skill level 5 in Ranged Weapons
  8103 | D:7      | Noticed a hornet
  8113 | D:7      | Killed a hornet
  8114 | D:7      | Reached skill level 1 in Fighting
  8114 | D:7      | Reached XP level 10. HP: 40/58 MP: 13/19
  8623 | D:8      | Found an ancient bone altar of Kikubaaqudgha.
  8623 | D:8      | Noticed Jeremiah
  9040 | D:9      | Reached skill level 1 in Summonings
  9225 | D:9      | Learned a level 2 spell: Call Imp
  9424 | D:9      | Found a roughly hewn altar of Beogh.
  9424 | D:9      | Found a staircase to the Orcish Mines.
  9564 | D:9      | Found a transporter.
  9564 | D:9      | Found a transporter.
  9564 | D:9      | Noticed a boulder beetle
  9645 | D:8      | Found Hyti's Assorted Antiques.
  9651 | D:8      | Bought a scroll of identify for 46 gold pieces
  9651 | D:8      | Bought a scroll of identify for 46 gold pieces
  9849 | D:4      | Killed lunkers's ghost
  9851 | D:4      | Reached skill level 9 in Shields
 10279 | D:10     | Entered Level 10 of the Dungeon
 10404 | D:10     | Reached XP level 11. HP: 69/69 MP: 18/21
 10458 | D:10     | Reached skill level 5 in Summonings
 11173 | D:11     | Noticed a cyclops
 11186 | D:11     | Killed a cyclops
 11372 | D:11     | Found a staircase to the Lair.
 11438 | D:11     | Reached skill level 5 in Fighting
 11501 | D:11     | Noticed Erolcha
 11631 | Orc:1    | Entered Level 1 of the Orcish Mines
 12325 | Orc:1    | Killed from afar by a kobold blastminer

Illustrated notes

Levels and vault maps discovered:
D:1:      dpeg_arrival_arbitrary_b, layout_basic
D:2:      layout_loops_ring, serial_shops, shop, nicolae_diamond_shop,
          nicolae_shop_crystal, shop, shop, minmay_misc_feat_rows, st_stairs_11
D:3:      layout_basic, st_stairs_10
D:4:      layout_cave_pools, lemuel_mausoleum_altar_yredelemnul,
          nicolae_overflow_hidden_temple, gammafunk_ghost_smash,
          cheibrodos_gnoll_hut
D:5:      layout_basic, minmay_temple_entry_fiery
D:6:      layout_basic, nicolae_vehumet_altar_sigil, okawaru_ov_weapons_minmay
D:7:      layout_cave_pools, serial_demonic, serial_demonic_a, serial_demonic_e,
          serial_demonic_b, serial_demonic_f, st_stairs_3,
          minmay_misc_feat_hallway
D:8:      layout_loops_ring, general_overflow_altar, serial_shops,
          nicolae_shop_rolling_square, uniq_jeremiah
D:9:      gammafunk_boulding_lane, layout_rooms, david_orc_5
D:10:     layout_cave_pools
D:11:     layout_irregular_city, david_lair_generic, uniq_erolcha
Temple:   regret_index_temple_waves
Orc:1:    layout_caves, uniq_jorgrun

Skill      XL: |  1  2  3  4  5  6  7  8  9 10 11 |
---------------+----------------------------------+-----
Stealth        | 3 |  3.0
Dodging        | 3 4 |  4.2
Spellcasting   | 3 4 6 7 |  7.6
Ice Magic      | 5 6 7 8 |  8.0
Shields        | 2 4 6 7 8 9 |  9.0
Ranged Weapons | 3 5 6 |  6.0
Fighting       | 1 4 5 |  5.0
Summonings     | 4 6 |  6.3

Action                     |  1- 3 |  4- 6 |  7- 9 | 10-12 || total
---------------------------+-------+-------+-------+-------++-------
  Melee: Unarmed           |    28 |    18 |       |       ||    46
         Constrict         |    11 |    19 |    34 |       ||    64
         Tentacles         |     8 |    25 |    33 |       ||    66
         Rapier            |       |    58 |   126 |       ||   184
         Punch             |       |     1 |       |       ||     1
   Fire: Sling             |       |       |   131 |   180 ||   311
   Cast: Freeze            |    35 |    47 |    12 |     4 ||    98
         Frozen Ramparts   |       |     7 |    24 |    34 ||    65
         Ozocubu's Armour  |       |       |     6 |     2 ||     8
         Summon Ice Beast  |       |       |    10 |    29 ||    39
         Hailstorm         |       |       |     3 |       ||     3
         Call Imp          |       |       |       |     8 ||     8
    Use: Scroll            |       |       |     8 |     5 ||    13
   Stab: Sleeping          |     2 |     5 |    17 |       ||    24
         Distracted        |     1 |       |     1 |       ||     2
 Armour: Skin              |    29 |    47 |    76 |    71 ||   223
  Dodge: Dodged            |    34 |    81 |   109 |    75 ||   299
  Block: Buckler           |       |       |    45 |    43 ||    88

Table legend: (Time is in decaauts)
 A = Elapsed time spent in this place.
 B = Non-inter-level travel time spent in this place.
 C = Inter-level travel time spent in this place.
 D = Time resting spent in this place.
 E = Time spent auto-exploring this place.
 F = Levels seen in this place.
 G = Mean time per level.
                   A        B        C        D        E       F      G
               +--------+--------+--------+--------+--------+-----+--------+
         Total |  12436 |  11107 |   1329 |   1507 |   7325 |  13 |  956.6 |
       Dungeon |  12345 |  11081 |   1264 |   1507 |   7325 |  11 | 1122.3 |
        Temple |     66 |      2 |     64 |      0 |      0 |   1 |   66.0 |
  Orcish Mines |     24 |     24 |      0 |      0 |      0 |   1 |   24.0 |
               +--------+--------+--------+--------+--------+-----+--------+

Top non-repeatable levels by time:
     D:5: 1681 daAuts
     D:9: 1612 daAuts
     D:4: 1489 daAuts
     D:6: 1388 daAuts
     D:7: 1365 daAuts
     D:2: 1112 daAuts
     D:1: 1097 daAuts
    D:10: 881 daAuts
     D:3: 769 daAuts
     D:8: 518 daAuts
    D:11: 429 daAuts
  Temple: 66 daAuts
   Orc:1: 24 daAuts
